 Dungeon Crawl Stone Soup version 0.24.0-29-g8ce449bc06 (webtiles) character file.

Game seed: 9506408538581855951, levelgen mode: deterministic

518 night the Destroyer (level 7, -10/38 HPs)
             Began as a Tengu Conjurer on Nov 14, 2019.
             Mangled by an ogre
             ... wielding a +0 giant club
              (30 damage)
             ... on level 4 of the Dungeon.
             The game lasted 00:09:17 (4183 turns).

night the Destroyer (Tengu Conjurer)                Turns: 4183, Time: 00:09:17

Health: -10/38     AC:  2    Str:  8    XL:     7   Next: 21%
Magic:  0/14       EV: 15    Int: 18    God:
Gold:   185        SH:  0    Dex: 14    Spells: 4/15 levels left

rFire    . . .     SeeInvis .   e - -2 whip (curse)
rCold    . . .     Gourm    .   (no shield)
rNeg     . . .     Faith    .   a - +0 robe
rPois    .         Spirit   .   (helmet restricted)
rElec    .         Reflect  .   (no cloak)
rCorr    .         Harm     .   (no gloves)
MR       .....                  (boots unavailable)
Stlth    ++........             s - amulet of regeneration
HPRegen  0.52/turn              (no ring)
MPRegen  0.14/turn              (no ring)

@: flying quickly and evasively, very slightly contaminated, quick
A: beak, talons 3, able to fly
a: Stop Flying


You were on level 4 of the Dungeon.
You were hungry.

You visited 1 branch of the dungeon, and saw 4 of its levels.

You collected 185 gold pieces.

Inventory:

Hand Weapons
 e - a cursed -2 whip (weapon)
 k - a cursed -1 falchion
 m - a +4 dagger
 o - a +0 hunting sling
Missiles
 f - 5 boomerangs
 r - 5 poisoned darts (quivered)
Armour
 a - a +0 robe (worn)
 g - a +0 buckler
Jewellery
 s - an amulet of regeneration (around neck)
Scrolls
 d - a scroll of teleportation
Potions
 b - 2 potions of brilliance
 h - a potion of magic
 i - a potion of ambrosia {unknown}
 j - 3 potions of haste
 l - a potion of mutation {unknown}
 n - a potion of might {unknown}
 p - a potion of lignification {unknown}
 q - a potion of curing {unknown}
 t - a potion of berserk rage {unknown}
Comestibles
 c - 11 rations
 u - 6 chunks of flesh


   Skills:
 + Level 1.6 Fighting
 - Level 2.1 Dodging
 - Level 2.0 Stealth
 * Level 4.5 Spellcasting
 + Level 9.0 Conjurations


You had 4 spell levels left.
You knew the following spells:

 Your Spells              Type           Power        Failure   Level  Hunger
a - Magic Dart            Conj           ####         1%          1    None
b - Searing Ray           Conj           #####.       1%          2    #......
c - Iskenderun's Mystic   Conj           #####...     3%          4    ####...
d - Fulminant Prism       Conj/Hex       ###.......   22%         4    ####...

Your spell library contained the following spells:

 Spells                   Type           Power        Failure   Level  Hunger
 Dazzling Spray           Conj/Hex       ###...       7%          3    ###....
 Force Lance              Conj/Tloc      ###.....     22%         4    ####...


Dungeon Overview and Level Annotations

Branches:
Dungeon (4/15)
 Temple: D:4-7

Altars:
Elyvilon
Makhleb
Okawaru
Trog
Zin
The Shining One


Innate Abilities, Weirdness & Mutations

You have a beak for a mouth.
You have claws for feet.
You can fly continuously.


Message History

The orb of energy hits the ogre!
The ogre is heavily wounded.
Casting: Iskenderun's Mystic Blast (safe; 3% risk of failure)
Confirm with . or Enter, or press ? or * to list all spells.
Aiming: Magic Dart (safe; 1% risk of failure)
Press: ? - help, Shift-Dir - straight line, f/p - ogre
Aim: an ogre, wielding a +0 giant club (heavily wounded)
The magic dart hits the ogre.
The ogre is severely wounded.
The ogre hits you with a +0 giant club!!
Casting: Magic Dart (safe; 1% risk of failure)
Confirm with . or Enter, or press ? or * to list all spells.
Aiming: Magic Dart (safe; 1% risk of failure)
Press: ? - help, Shift-Dir - straight line, f/p - ogre
Aim: an ogre, wielding a +0 giant club (severely wounded)
The magic dart hits the ogre but does no damage.
The ogre is severely wounded.
The ogre hits you with a +0 giant club!!
Ouch! That really hurt!
You die...

#......###.###########.....
#...>.....(................
#......##......#######.....
#######.'......# #.....
#.#......# #.....
#.#......# ####..
#รท#......# ########.
#.#.O....# #........ #####
#.#.@....# #(....... #...#
#.#......# #........ #...#
#.#......# #........ #...#
#.#......# #........
#...###.######## #........
#........# ##### #........
#........####...###........
##..............'.'........
#.......####...###.......#


You could see an ogre.

Vanquished Creatures
  A phantom (D:4)
  A bullfrog (D:3)
  Jessica (D:2)
  Natasha (twice) (D:2)
  Terence (D:2)
  2 iguanas (D:4)
  2 worker ants (D:4)
  3 gnolls (D:4)
  3 adders
  A river rat (D:3)
  An ooze (D:3)
  2 worms
  4 dart slugs
  3 leopard geckos
  4 orcs (D:3)
  5 giant cockroaches
  13 goblins
  7 hobgoblins
  3 jackals
  A quokka (D:2)
  A ball python (D:3)
  9 bats
  A frilled lizard (D:2)
  11 kobolds
  A quokka skeleton (D:4)
  4 rats
87 creatures vanquished.

Notes
Turn   | Place    | Note
-------+----------+-------------------------------------------
     0 | D:1      | night the Tengu Conjurer began the quest for the Orb.
     0 | D:1      | Reached XP level 1. HP: 10/10 MP: 4/4
   337 | D:1      | Reached XP level 2. HP: 15/15 MP: 6/6
   675 | D:1      | Reached skill level 6 in Conjurations
   900 | D:1      | Reached XP level 3. HP: 19/19 MP: 4/7
   962 | D:1      | Learned a level 2 spell: Searing Ray
  1402 | D:2      | Noticed Natasha
  1409 | D:2      | Killed Natasha
  1409 | D:2      | Reached skill level 7 in Conjurations
  1409 | D:2      | Reached XP level 4. HP: 24/24 MP: 2/9
  1531 | D:2      | Noticed Jessica
  1534 | D:2      | Killed Jessica
  1585 | D:2      | Found a glowing silver altar of Zin.
  1592 | D:2      | Found a glowing golden altar of the Shining One.
  1593 | D:2      | Found a white marble altar of Elyvilon.
  1652 | D:2      | Gained mutation: You can fly continuously. [Tengu growth]
  1652 | D:2      | Reached XP level 5. HP: 27/28 MP: 2/10
  1733 | D:2      | Noticed Natasha
  1738 | D:2      | Killed Natasha
  1827 | D:2      | Noticed Terence
  1842 | D:2      | Killed Terence
  1987 | D:2      | You are sucked into a shaft and drop 1 floor!
  2121 | D:3      | Reached skill level 8 in Conjurations
  2121 | D:3      | Reached XP level 6. HP: 32/32 MP: 6/12
  2557 | D:3      | Found a burning altar of Makhleb.
  3079 | D:3      | Found an iron altar of Okawaru.
  3331 | D:3      | Learned a level 4 spell: Iskenderun's Mystic Blast
  3336 | D:3      | Learned a level 4 spell: Fulminant Prism
  3818 | D:4      | Found an iron altar of Okawaru.
  3818 | D:4      | Found a bloodstained altar of Trog.
  3925 | D:4      | Noticed a phantom
  3936 | D:4      | Killed a phantom
  3936 | D:4      | Reached skill level 1 in Fighting
  3936 | D:4      | Reached XP level 7. HP: 38/38 MP: 1/14
  4054 | D:4      | Reached skill level 9 in Conjurations
  4183 | D:4      | Mangled by an ogre

Levels and vault maps discovered:
D:1:      eino_arrival_cavern_a, layout_basic, st_stairs_3
D:2:      layout_loops_ring, good_gods_mini_temple, uniq_jessica, uniq_terence,
          uniq_natasha
D:3:      layout_loops_cross, nicolae_overflow_crystal_walls, first_ration,
          gup_sewer_entry_spiral, nrook_loot_triangle, okawaru_trees_1
D:4:      layout_basic, grunt_temple_overflow_bloody_war, minmay_vboxes

Skill      XL: |  1  2  3  4  5  6  7 |
---------------+----------------------+-----
Conjurations   | 6 7 8 9 |  9.0
Spellcasting   | 3 4 |  4.5
Fighting       | 1 |  1.6
Dodging        | |  2.1
Stealth        | |  2.0

Action                   |  1- 3 |  4- 6 |  7- 9 || total
-------------------------+-------+-------+-------++-------
Melee: Whip              |     3 |     1 |       ||     4
       Kick              |     1 |     1 |       ||     2
Throw: Dart              |       |     2 |     2 ||     4
 Cast: Magic Dart        |    55 |   101 |     8 ||   164
       Searing Ray       |     2 |     9 |       ||    11
       Iskenderun's Myst |       |     3 |     4 ||     7
 Abil: Fly               |       |     1 |       ||     1
  Use: Scroll            |     3 |     4 |       ||     7
 Stab: Sleeping          |     2 |       |       ||     2
  Eat: Chunk             |     2 |     8 |     1 ||    11
Armor: Robe              |     2 |       |       ||     2
Dodge: Dodged            |    14 |    29 |     1 ||    44
